 Dungeon Sprint DCSS version 0.16-a0-3841-g2612308 (console) character file.

3614 Monkaria the Fencer (level 10, -2/94 HPs)
             Began as a Hill Orc Fighter on Jan 30, 2015.
             Was a Plaything of Xom.
             Slain by a spiny frog (20 damage)
             ... in the Dungeon (Sprint IX: "|||||||||||||||||||||||||||||").
             The game lasted 00:02:31 (1047 turns).

Monkaria the Fencer (Hill Orc Fighter)              Turns: 1047, Time: 00:02:31

Health: -2/94      AC: 13    Str: 26    XL:     10   Next: 11%
Magic:  10/10      EV:  8    Int:  8    God:    Xom [..*...]
Gold:   9          SH: 10    Dex: 13    Spells: 0 memorised, 9 levels left

rFire  . . .     SeeInvis .     p - +2 scimitar "Dipneyve" {holy, Dex+3}
rCold  . . .     Clarity  .     s - +2 ring mail
rNeg   . . .     SustAb   .     c - +0 shield
rPois  .         Gourm    .     q - +0 helmet
rElec  .         Spirit   .     (no cloak)
rCorr  .         Warding  .     (no gloves)
rMut   .         NoTele   +     (no boots)
MR     .....                    (no amulet)
Stlth  +.........               t - +2 ring of protection
                                r - +3 ring of strength

@: lethally poisoned, not resistant to hostile enchantments, very unstealthy
A: no striking features
a: Renounce Religion


You were in the Dungeon.
You worshipped Xom.
You were a toy of Xom.
You were near starving.

You visited 1 branch You collected 9 gold pieces.

Inventory:

Hand weapons
 p - the +2 scimitar "Dipneyve" (weapon) {holy, Dex+3}
   (You found it in the Dungeon)

   It has been blessed by the Shining One to cause great damage to the undead
   and demons.
   It affects your dexterity (+3).
Missiles
 u - 4 tomahawks (quivered)
Armour
 c - a +0 shield (worn)
 q - a +0 helmet (worn)
 s - a +2 ring mail (worn)
Jewellery
 r - a +3 ring of strength (left hand)
 t - a +2 ring of protection (right hand)
Magical devices
 o - a wand of draining (2)
Scrolls
 k - 3 scrolls of blinking
 m - 4 scrolls of remove curse
 n - 2 scrolls of amnesia
 v - a scroll of fear
 w - 4 scrolls of enchant armour
Potions
 a - 4 potions of cure mutation
 e - a potion of might
 f - 6 potions of curing
 g - 5 potions of heal wounds
 h - a potion of haste
 i - 4 potions of magic
 j - 2 potions of berserk rage
 l - a potion of invisibility
Comestibles
 b - a bread ration
 d - a meat ration


   Skills:
 - Level 10.6 Fighting
 - Level 19.1 Long Blades
 + Level 11.4 Armour
 - Level 3.2 Shields


You had 9 spell levels left.
You didn't know any spells.

Dungeon Overview and Level Annotations

Branches:
Dungeon (1/1)

Altars:
Cheibriados
Dithmenos
Elyvilon
Fedhas
Gozag
Kikubaaqudgha
Makhleb
Nemelex Xobeh
Okawaru
Qazlal
Ru
Sif Muna
Trog
Vehumet
Xom
Yredelemnul
Zin
The Shining One
Beogh
Jiyva
Lugonu


Message History

The spiny frog is moderately wounded.
You feel sick. The spiny frog barely misses you.
You barely miss the spiny frog.
The spiny frog is moderately wounded.
The spiny frog barely misses you.
You hit the spiny frog.
The spiny frog is moderately wounded.
You feel sick. The spiny frog closely misses you.
You slash the spiny frog!
The spiny frog is heavily wounded.
You feel sick.
You hit the spiny frog.
The spiny frog is severely wounded.
You feel sick. The spiny frog stings you!
* * * LOW HITPOINT WARNING * * *
You barely miss the spiny frog.
The spiny frog is severely wounded.
You feel sick. The spiny frog stings you!!
You die...
Xom thinks this is hilarious!

▓▓▓▓▓▓▓▓▓▓▓▓▓▓▓▓▓▓▓▓▓▓▓▓▓
.......F@†..§..........'.
▓▓▓▓▓▓▓▓▓▓▓▓▓▓▓▓▓▓▓▓▓▓▓▓▓▓▓▓▓▓▓▓▓
.................................
▓▓▓▓▓▓▓▓▓▓▓▓▓▓▓▓▓▓▓▓▓▓▓▓▓▓▓▓▓▓▓▓▓
_____________________'.....).....
▓▓▓▓▓▓▓▓▓▓▓▓▓▓▓▓▓▓▓▓▓▓▓▓▓▓▓▓▓▓▓▓▓


You could see a spiny frog.

Vanquished Creatures
  A centaur warrior (D)
  2 hill giants (D)
  Maurice (D)
  An elephant (D)
  A komodo dragon (D)
  2 yaks (D)
  A vampire mosquito (D)
  A hippogriff (D)
  A steam dragon (D)
  2 water moccasins (D)
  An ice beast (D)
  A wasp (D)
  A killer bee (D)
  3 hounds (D)
  An iguana (D)
  2 orcs (D)
  A goblin (D)
  A jackal (D)
  A bat (D)
  A giant gecko skeleton (D)
  2 giant newts (D)
  2 rats (D)
30 creatures vanquished.

Vanquished Creatures (collateral kills)
  An iguana (D)
1 creature vanquished.

Grand Total: 31 creatures vanquished

Notes
Turn   | Place    | Note
--------------------------------------------------------------
     0 | D        | Monkaria, the Hill Orc Fighter, began the quest for the Orb.
     0 | D        | Reached XP level 1. HP: 19/19 MP: 1/1
     7 | D        | Reached skill level 4 in Fighting
    28 | D        | Noticed a hound
    36 | D        | Killed a hound
    36 | D        | Reached skill level 5 in Fighting
    36 | D        | Reached skill level 6 in Long Blades
    36 | D        | Reached XP level 2. HP: 20/29 MP: 2/2
    36 | D        | Reached XP level 3. HP: 24/36 MP: 3/3
    58 | D        | Found a glowing silver altar of Zin.
    58 | D        | Found a glowing golden altar of the Shining One.
    58 | D        | Found an ancient bone altar of Kikubaaqudgha.
    58 | D        | Found a basalt altar of Yredelemnul.
    58 | D        | Found a shimmering altar of Xom.
    58 | D        | Found a radiant altar of Vehumet.
    58 | D        | Found an iron altar of Okawaru.
    59 | D        | Found a burning altar of Makhleb.
    60 | D        | Found a deep blue altar of Sif Muna.
    61 | D        | Found a bloodstained altar of Trog.
    62 | D        | Found a sparkling altar of Nemelex Xobeh.
    63 | D        | Found a white marble altar of Elyvilon.
    64 | D        | Found a roughly hewn altar of Beogh.
    65 | D        | Found a viscous altar of Jiyva.
    66 | D        | Found a corrupted altar of Lugonu.
    67 | D        | Found a blossoming altar of Fedhas.
    68 | D        | Found a snail-covered altar of Cheibriados.
    69 | D        | Found a shadowy altar of Dithmenos.
    70 | D        | Found a stormy altar of Qazlal.
    71 | D        | Found an opulent altar of Gozag.
    72 | D        | Found a sacrificial altar of Ru.
    90 | D        | Got the +2 scimitar "Dipneyve" {holy, Dex+3}
   165 | D        | Became a worshipper of Xom of Chaos
   192 | D        | Noticed an iguana
   192 | D        | Noticed a killer bee
   192 | D        | Noticed a steam dragon
   192 | D        | Noticed an ice beast
   192 | D        | Noticed a yak
   194 | D        | Killed an ice beast
   194 | D        | Reached skill level 7 in Fighting
   194 | D        | Reached skill level 8 in Long Blades
   194 | D        | Reached XP level 4. HP: 44/47 MP: 4/4
   194 | D        | Reached XP level 5. HP: 48/52 MP: 5/5
   194 | D        | Killed an iguana
   194 | D        | Reached skill level 9 in Long Blades
   200 | D        | Killed a yak
   200 | D        | Reached skill level 11 in Long Blades
   200 | D        | Reached XP level 6. HP: 35/64 MP: 6/6
   215 | D        | Killed a steam dragon
   215 | D        | Reached skill level 10 in Fighting
   215 | D        | Reached skill level 12 in Long Blades
   219 | D        | Killed a killer bee
   219 | D        | Reached XP level 7. HP: 9/73 MP: 7/7
   510 | D        | Noticed a hound
   510 | D        | Noticed a centaur warrior
   510 | D        | Noticed a vampire mosquito
   510 | D        | Noticed a hill giant
   510 | D        | Noticed a wasp
   510 | D        | Noticed a hill giant
   519 | D        | Killed a hill giant
   519 | D        | Reached skill level 15 in Long Blades
   519 | D        | Reached XP level 8. HP: 62/81 MP: 8/8
   521 | D        | Killed a wasp
   522 | D        | XOM: potion effect (brilliance)
   528 | D        | Killed a hill giant
   528 | D        | Reached skill level 17 in Long Blades
   529 | D        | XOM: potion effect (invisibility)
   531 | D        | Killed a vampire mosquito
   534 | D        | Killed a centaur warrior
   534 | D        | Reached skill level 19 in Long Blades
   534 | D        | Reached XP level 9. HP: 20/86 MP: 9/9
   539 | D        | Killed a hound
   834 | D        | Noticed Maurice
   837 | D        | XOM: potion effect (berserk rage)
   855 | D        | Killed Maurice
  1002 | D        | Noticed a yak
  1002 | D        | Noticed a water moccasin
  1002 | D        | Noticed a hound
  1002 | D        | Noticed an iguana
  1002 | D        | Noticed a hippogriff
  1002 | D        | Noticed a water moccasin
  1002 | D        | Noticed a komodo dragon
  1005 | D        | XOM: smoke on damage
  1007 | D        | Noticed an elephant
  1014 | D        | XOM: harmless Ice miscast
  1015 | D        | Killed a komodo dragon
  1018 | D        | Killed a water moccasin
  1021 | D        | Noticed a spiny frog
  1022 | D        | Killed a hippogriff
  1025 | D        | XOM: confuse monster(s)
  1025 | D        | Killed an iguana
  1027 | D        | Killed a hound
  1029 | D        | Killed a water moccasin
  1029 | D        | Reached skill level 10 in Armour
  1033 | D        | Killed a yak
  1033 | D        | Reached XP level 10. HP: 49/94 MP: 10/10
  1037 | D        | Killed an elephant
  1047 | D        | Slain by a spiny frog

Action                   |  1- 3 |  4- 6 |  7- 9 | 10-12 || total
-------------------------+-------+-------+-------+-------++-------
Melee: Long sword        |    40 |       |       |       ||    40
       Scimitar          |       |    24 |    60 |    14 ||    98
Evoke: Wand              |     1 |     1 |     3 |       ||     5
 Stab: Invisible         |       |       |     1 |       ||     1
       Confused          |       |       |     2 |       ||     2
